 Dungeon Crawl Stone Soup version 0.19.4-10-g532645f (webtiles) character file.

249 JeffiDaFish the Shield-Bearer (level 6, 0/38 HPs)
             Began as a Gargoyle Fighter on Feb 25, 2017.
             Slain by a small abomination (14 damage)
             ... on level 3 of the Abyss.
             The game lasted 00:07:19 (2598 turns).

JeffiDaFish the Shield-Bearer (Gargoyle Fighter)    Turns: 2598, Time: 00:07:20

Health: 0/38       AC: 13    Str: 17 (19) XL:     6   Next: 12%
Magic:  6/6        EV:  8    Int:  7 (9)  God:
Gold:   155        SH:  9    Dex:  9 (11) Spells: 0 memorised, 5 levels left

rFire  . . .     SeeInvis .     a - +0 flail
rCold  + . .     Gourm    .     b - +0 scale mail
rNeg   + . .     Faith    .     c - +0 shield
rPois  ∞         Spirit   .     e - +0 helmet
rElec  +         Reflect  .     (no cloak)
rCorr  .         Harm     .     (no gloves)
MR     .....                    k - +0 pair of boots
Stlth  ..........               (no amulet)
                                (no ring)
                                l - ring of protection from cold

@: no status effects
A: negative energy resistance 1, electricity resistance, unbreathing,
petrification resistance, rot immunity, AC +4
a: no special abilities


You were on level 3 of the Abyss.
You were not hungry.

You visited 1 branch of the dungeon, and saw 3 of its levels.
You visited the Abyss 1 time.

You collected 155 gold pieces.

Inventory:

Hand Weapons
 a - a +0 flail (weapon)
Armour
 b - a +0 scale mail (worn)
 c - a +0 shield (worn)
 e - a +0 helmet (worn)
 k - a +0 pair of boots (worn)
Jewellery
 l - a ring of protection from cold (left hand)
Scrolls
 h - 2 scrolls of identify
 j - a scroll of remove curse
 m - a scroll of magic mapping {unknown}
Potions
 n - 3 potions of curing
Comestibles
 d - 2 fruits
 f - a bread ration
 i - 2 beef jerkies


   Skills:
 + Level 4.1 Fighting
 + Level 3.3 Maces & Flails
 + Level 4.0 Armour
 + Level 1.7 Dodging
 + Level 5.0 Shields


You had 5 spell levels left.
You didn't know any spells.

Dungeon Overview and Level Annotations

Branches:
Dungeon (3/15)

Altars:
Ashenzari

Annotations:
D:3 Crazy Yiuf


Innate Abilities, Weirdness & Mutations

You are resistant to torment.
Your stone body is resilient. (AC +4)
You are immune to poison.
You resist negative energy. (rN+)
You are resistant to electric shocks. (rElec)
You can survive without breathing.
You are immune to petrification.
You are immune to rotting.


Message History

You block the small abomination's attack.
Found a scroll of fear.
The small abomination hits you!
You block the small abomination's attack.
The small abomination closely misses you.
You see here a scroll of fear.
The small abomination closely misses you.
The small abomination hits you but does no damage.
Found a leather armour.
Found 3 scrolls of identify.
All of the chunks of flesh in your inventory have rotted away.
The small abomination hits you!
You block the small abomination's attack.
Found 17 bolts.
The small abomination hits you but does no damage.
You see here 3 scrolls of identify.
You block the small abomination's attack.
The small abomination hits you. The small abomination hits you!
You die...

## . # #.
.#. ... ###
#.# ..##
###.##...
#....
#...@#.#
#....
#.#...x##
.....
##..#.##
#....
#.##..###..
##
##X#......
#...##....
####.?....
#..#....
....##....


You could see a large abomination and a small abomination.

Vanquished Creatures
  A quasit (D:3)
  Natasha (thrice) (D:3)
  6 adders
  2 worms
  2 dart slugs
  3 leopard geckos
  3 orcs (D:3)
  2 ball pythons
  7 bats
  2 giant cockroaches
  4 hobgoblins
  6 jackals (D:2)
  9 kobolds
  A quokka (D:3)
  9 frilled lizards
  9 goblins
  7 rats
76 creatures vanquished.

Notes
Turn   | Place    | Note
-------+----------+-------------------------------------------
     0 | D:1      | JeffiDaFish the Gargoyle Fighter began the quest for the Orb.
     0 | D:1      | Reached XP level 1. HP: 14/14 MP: 1/1
   278 | D:1      | Reached XP level 2. HP: 19/19 MP: 2/2
   831 | D:2      | Found a shattered altar of Ashenzari.
   867 | D:2      | Reached XP level 3. HP: 17/24 MP: 3/3
  1200 | D:2      | Reached XP level 4. HP: 28/29 MP: 4/4
  1248 | D:2      | Reached skill level 1 in Dodging
  1323 | D:2      | Found a faded altar of an unknown god.
  1331 | D:2      | Reached skill level 4 in Shields
  1632 | D:3      | Noticed Natasha
  1660 | D:3      | Killed Natasha
  1728 | D:3      | Reached XP level 5. HP: 33/33 MP: 5/5
  2308 | D:3      | Noticed Natasha
  2318 | D:3      | Killed Natasha
  2328 | D:3      | Reached XP level 6. HP: 29/38 MP: 6/6
  2336 | D:3      | Noticed Natasha
  2344 | D:3      | Killed Natasha
  2344 | D:3      | Reached skill level 5 in Shields
  2447 | D:3      | Found a runed door.
  2451 | D:3      | Noticed Crazy Yiuf
  2461 | D:3      | Cast into level 2 of the Abyss (Crazy Yiuf)
  2530 | Abyss:2  | Noticed a starcursed mass
  2558 | Abyss:3  | Noticed a large abomination
  2562 | Abyss:3  | Noticed a small abomination
  2598 | Abyss:3  | Slain by a small abomination

Skill      XL: |  1  2  3  4  5  6 |
---------------+-------------------+-----
Dodging        | 1 |  1.7
Shields        | 4 5 |  5.0
Maces & Flails | 3 |  3.3
Fighting       | 4 |  4.1
Armour         | 4 |  4.0

Action                   |  1- 3 |  4- 6 || total
-------------------------+-------+-------++-------
Melee: Flail             |   175 |   306 ||   481
  Use: Scroll            |     5 |     3 ||     8
       Potion            |     2 |     4 ||     6
  Eat: Chunk             |     1 |     6 ||     7
Armor: Scale mail        |   158 |   302 ||   460
Dodge: Dodged            |    79 |   142 ||   221
Block: Shield            |   142 |   225 ||   367
